 Dungeon Crawl Stone Soup version 0.18.1-1-g2f07953 (webtiles) character file.

143546 unimpressed the Executioner (level 16, -12/163 HPs)
             Began as a Minotaur Berserker on May 14, 2016.
             Was a High Priest of Trog.
             Blown up by an orb spider (43 damage)
             ... with an orb of destruction
             ... on level 3 of the Spider Nest.
             The game lasted 01:30:12 (32798 turns).

unimpressed the Executioner (Minotaur Berserker)   Turns: 32798, Time: 01:30:13

Health: -12/163    AC: 23    Str: 28 (29) XL:     16   Next: 83%
Magic:  7/7        EV:  5    Int:  4      God:    Trog [*****.]
Gold:   2708       SH:  0    Dex: 18 (19) Spells: 0 memorised, 15 levels left

rFire  + . .     SeeInvis .     c - +3 executioner's axe (antimagic)
rCold  + + +     Gourm    .     i - +0 chain mail "Hiagh" {rPois Regen+ Dex+4 Stlth+} (curse)
rNeg   . . .     Faith    .     (shield currently unavailable)
rPois  +         Spirit   .     (helmet restricted)
rElec  +         Dismiss  .     T - +2 cloak
rCorr  .         Reflect  .     f - +2 pair of gloves {Str+3}
SustAt .         Harm     .     a - +1 pair of boots of the Undertaker {rElec rF+ rC+++ Str-5}
MR     ++...                    Q - amulet of regeneration
Stlth  ..........               I - +5 ring of strength
                                S - ring of protection from magic

@: lethally poisoned (-12 -> -12), very resistant to hostile enchantments,
extremely unstealthy
A: retaliatory headbutt, horns 2, robust 1, strong 1
a: Berserk, Trog's Hand, Brothers in Arms, Burn Spellbooks, Renounce Religion


You were on level 3 of the Spider Nest.
You worshipped Trog.
Trog was extremely pleased with you.
You were hungry.

You visited 4 branches of the dungeon, and saw 28 of its levels.
You visited the Abyss 1 time.
You also visited: Labyrinth.

You collected 3078 gold pieces.
You spent 370 gold pieces at shops.

Inventory:

Hand Weapons
 c - a +3 antimagic executioner's axe (weapon)
 N - a +0 blowgun
Missiles
 g - 8 silver javelins (quivered)
 O - 78 poisoned needles
Armour
 a - the +1 pair of boots of the Undertaker (worn) {rElec rF+ rC+++ Str-5}
   (You found it on level 13 of the Dungeon)

   It affects your strength (-5).
   It protects you from fire.
   It renders you almost immune to cold.
   It insulates you from electricity.
 f - a +2 pair of gloves of strength (worn)
 i - the cursed +0 chain mail "Hiagh" (worn) {rPois Regen+ Dex+4 Stlth+}
   (You bought it in a shop on level 2 of the Orcish Mines)

   It affects your dexterity (+4).
   It protects you from poison.
   It increases your rate of regeneration.
   It makes you more stealthy.
   It has a curse placed upon it.
 D - a +2 plate armour of cold resistance
 T - a +2 cloak (worn)
Jewellery
 b - a +3 ring of protection
 m - an uncursed ring of flight
 C - a +4 amulet of reflection
 I - a +5 ring of strength (right hand)
 Q - an amulet of regeneration (around neck)
 S - a ring of protection from magic (left hand)
Wands
 l - a wand of digging (10/24)
 z - a wand of acid (12/15)
 H - a wand of lightning (7/15)
 U - a wand of slowing (9/48)
 V - a wand of iceblast (9/15)
Scrolls
 e - 12 scrolls of teleportation
 j - 3 scrolls of recharging
 o - 7 scrolls of remove curse
 p - a scroll of summoning
 q - 2 scrolls of enchant armour
 r - 4 scrolls of amnesia {unknown}
 v - 6 scrolls of fear
 x - 2 scrolls of enchant weapon {unknown}
 y - 6 scrolls of identify
 J - 4 scrolls of silence {unknown}
 R - 5 scrolls of noise {unknown}
 Y - 5 scrolls of immolation {unknown}
Potions
 d - a potion of ambrosia {unknown}
 h - 6 potions of brilliance
 k - 6 potions of heal wounds
 n - 3 potions of invisibility
 s - 4 potions of curing
 t - 3 potions of might
 u - 6 potions of agility
 A - 3 potions of lignification
 E - 2 potions of flight
 F - 2 potions of resistance
 L - 5 potions of haste
Miscellaneous
 B - a disc of storms
Comestibles
 w - 4 beef jerkies
 K - 26 fruits
 M - a bread ration
 P - a royal jelly


   Skills:
 + Level 15.5 Fighting
 + Level 22.0 Axes
 - Level 10.5 Throwing
 + Level 15.1 Armour
 - Level 2.1 Dodging
 + Level 9.6 Evocations


You had 15 spell levels left.
You didn't know any spells.

Dungeon Overview and Level Annotations

Branches:
Dungeon (15/15)            Temple (0/1) D:7            Lair (8/8) D:10
 Shoals (0/4) Lair:6       Spider (3/4) Lair:6          Orc (2/2) D:12
    Elf (0/3) Orc:2        Vaults (0/5) D:13         Depths (0/5) D:15
  Slime: Lair:6-8

Altars:
Cheibriados
Elyvilon
Fedhas
Gozag
Makhleb
Ru
Sif Muna
Trog
Vehumet

Shops:
D:4 ?   D:8 :   D:14 :   Orc:2 (=[*

Portals:
Hell: Lair:8
Trove: D:11 (give book of Envenomations)

Annotations:
D:15 3 runed doors
Lair:7 exclusion: oklob plant


Innate Abilities, Weirdness & Mutations

You reflexively headbutt those who attack you in melee.
You have a pair of horns on your head.
You are robust (+10% HP).
Your muscles are strong. (Str +2)


Message History

You feel sick. The wolf spider closely misses you. You furiously retaliate!
You headbutt the wolf spider! The wolf spider bites you.
* * * LOW HITPOINT WARNING * * *
The wolf spider hits you.
* * * LOW HITPOINT WARNING * * *
The wolf spider bites you but does no damage.
The orb spider weaves a glowing orb of energy.
An orb of destruction comes into view.
You feel sick. The wolf spider closely misses you. You furiously retaliate!
You headbutt the wolf spider. The wolf spider bites you.
* * * LOW HITPOINT WARNING * * *
You see here a tarantella corpse.
You feel sick. The wolf spider barely misses you. You furiously retaliate!
You headbutt the wolf spider. The wolf spider bites you.
* * * LOW HITPOINT WARNING * * *
The wolf spider hits you but does no damage.
The wolf spider bites you but does no damage.
There is a stone staircase leading up, spattered with blood here.
You feel sick. The orb of destruction hits you!
You die...

#..#..........^.....^.#
......................##
......##...............#
......#...........###.##
#....##.........## ####
#.........##†### ##..
##.......§.##.## #....
###..s.§s.....##.....
#.@§§.....>....##..
##.....##..)..##..#
###....#.....#....
#...##.^.......#
##^.####....#.## #^.#
##..### # #.# #...^##
..##.†††.# ..#......#


You could see a wolf spider and an orb spider.

Vanquished Creatures
  Arachne (Spider:2)
  Asterion (Spider:1)
  A ghost moth (Spider:3)
  Wiglaf (Spider:2)
  An emperor scorpion (Spider:1)
  An orc warlord (Orc:2)
  Azrael (D:14)
  A spark wasp (Spider:3)
  2 dire elephants (Lair:8)
  A minotaur (Lab)
  Josephine (D:13)
  A yaktaur captain (D:15)
  Harold (Orc:1)
  8 vault guards (D:13)
  8 hydras
  The ghost of Shasbat the Impaler, a journeyman MfGl of Pakellas (D:12)
  A hell beast (Lair:8)
  2 catoblepae
  A death knight (D:14)
  4 centaur warriors
  10 death yaks
  A tengu warrior (D:15)
  5 orc high priests (Orc:2)
  4 unseen horrors
  4 swamp dragons (Lair:7)
  Pikel (D:5)
  A wizard (Lair:8)
  4 hill giants
  7 orc knights
  11 wolf spiders
  An oklob plant (Lair:2)
  12 ugly things
  2 deep elf magi
  10 orb spiders
  5 griffons
  4 orc sorcerers
  A hornet (Spider:3)
  A moth of wrath (Spider:3)
  5 black mambas
  6 cyclopes
  An ice statue (D:15)
  9 elephants
  Psyche (D:9)
  A gargoyle (D:14)
  17 spiny frogs
  4 orange demons (Lair:8)
  An ice devil (Lair:8)
  2 freezing wraiths
  4 demonic crawlers
  A hellwing (Lair:8)
  9 komodo dragons
  2 red devils (Lair:8)
  A tengu conjurer (D:15)
  7 trolls
  A polar bear (Lair:8)
  16 jumping spiders
  The ghost of Dega the Skirmisher, an amateur DsFi (D:4)
  2 two-headed ogres
  5 slime creatures (D:14)
  23 blink frogs
  A hornet zombie (D:10)
  A boulder beetle (Lair:8)
  50 redbacks
  A shadow (D:11)
  2 wyverns
  A basilisk (shapeshifter) (D:13)
  4 basilisks
  4 wraiths (D:13)
  55 yaks
  15 tarantellas
  A vampire (D:13)
  3 fire elementals (D:14)
  A hungry ghost (D:14)
  12 hippogriffs
  A mottled dragon (D:13)
  3 vampire mosquitoes (D:12)
  3 swamp worms (Lair:7)
  3 wargs
  A soldier ant (D:15)
  4 hell hounds
  Duvessa (D:4)
  13 porcupines
  15 water moccasins
  3 ice beasts
  A swamp drake (Lair:7)
  37 orc warriors
  An eye of draining (D:13)
  3 sky beasts
  2 black bears
  11 wolves
  2 wasps
  9 ogres
  3 phantoms
  An ogre (shapeshifter) (D:15)
  11 centaurs
  13 crocodiles
  A big kobold (D:7)
  17 giant frogs
  A wyvern zombie (D:10)
  A wyvern skeleton (D:14)
  Dowan (D:4)
  A water moccasin skeleton (D:4)
  A scorpion (shapeshifter) (D:14)
  2 scorpions
  5 killer bees (D:7)
  8 wights
  5 howler monkeys
  6 crimson imps
  2 centaur zombies
  2 giant frog zombies
  A quasit (D:9)
  3 jellies
  12 orc priests
  7 hounds
  26 orc wizards
  6 centaur skeletons
  Jessica (D:2)
  16 worker ants
  Ijyb (D:2)
  10 iguanas
  2 hound zombies
  2 hound skeletons
  8 gnolls
  7 adders
  48 river rats
  6 shadow imps
  An adder zombie (D:5)
  2 adder skeletons
  2 worms (D:2)
  5 dart slugs
  5 giant geckos
  78 orcs
  3 giant cockroaches
  5 goblins
  10 hobgoblins
  19 jackals
  4 quokkas
  A ball python (D:3)
  10 bats
  A giant gecko zombie (D:5)
  7 giant newts
  28 kobolds
  A quokka skeleton (D:12)
  6 rats
  A bush (Lair:2)
  4 fungi
  18 plants
954 creatures vanquished.

Vanquished Creatures (collateral kills)
  Nessos (D:13)
  An orb spider (Spider:1)
  A griffon (D:13)
  A demonic crawler (Spider:1)
  A jumping spider (Spider:1)
  A tarantella (Spider:1)
  4 redbacks (Spider:1)
  A hippogriff (D:13)
  A giant frog (D:13)
12 creatures vanquished.

Vanquished Creatures (others)
  A redback (Spider:3)
  A jelly (D:5)
  An orc wizard (Orc:2)
  3 fungi
  9 plants
15 creatures vanquished.

Grand Total: 981 creatures vanquished

Notes
Turn   | Place    | Note
--------------------------------------------------------------
     0 | D:1      | unimpressed the Minotaur Berserker began the quest for the Orb.
     0 | D:1      | Reached XP level 1. HP: 19/19 MP: 0/0
    32 | D:1      | Reached skill level 4 in Axes
   193 | D:1      | Reached XP level 2. HP: 26/26 MP: 1/1
   856 | D:2      | Reached ** piety under Trog
   856 | D:2      | Reached skill level 5 in Axes
   859 | D:2      | Reached XP level 3. HP: 26/31 MP: 2/2
  1008 | D:2      | Noticed Ijyb
  1026 | D:2      | Killed Ijyb
  1026 | D:2      | Reached skill level 6 in Axes
  1026 | D:2      | Reached XP level 4. HP: 32/39 MP: 3/3
  1322 | D:2      | Found a snail-covered altar of Cheibriados.
  1374 | D:2      | Found a bloodstained altar of Trog.
  1675 | D:2      | Noticed Jessica
  1684 | D:2      | Killed Jessica
  1684 | D:2      | Reached skill level 7 in Axes
  1684 | D:2      | Reached XP level 5. HP: 32/45 MP: 4/4
  1895 | D:3      | Reached *** piety under Trog
  2078 | D:3      | Found a sacrificial altar of Ru.
  2344 | D:4      | Found Reahem Goak's Magic Scroll Emporium.
  2348 | D:4      | Noticed Dega's ghost (amateur DsFi)
  2371 | D:4      | Killed Dega's ghost
  2371 | D:4      | Reached skill level 8 in Axes
  2371 | D:4      | Reached XP level 6. HP: 51/51 MP: 5/5
  2385 | D:4      | Bought a scroll of teleportation for 36 gold pieces
  2385 | D:4      | Bought a scroll of identify for 24 gold pieces
  2385 | D:4      | Bought a scroll of identify for 24 gold pieces
  2393 | D:4      | Noticed Dowan
  2394 | D:4      | Noticed Duvessa
  2428 | D:4      | Killed Dowan
  2428 | D:4      | Reached skill level 9 in Axes
  2568 | D:4      | Reached XP level 7. HP: 39/57 MP: 6/6
  2760 | D:4      | Killed Duvessa
  2760 | D:4      | Reached skill level 10 in Axes
  3248 | D:5      | Entered Level 5 of the Dungeon
  3585 | D:5      | Reached skill level 11 in Axes
  3591 | D:5      | Noticed Pikel
  3632 | D:5      | Killed Pikel
  3632 | D:5      | Reached skill level 12 in Axes
  3632 | D:5      | Reached XP level 8. HP: 58/64 MP: 7/7
  3826 | D:5      | Reached skill level 13 in Axes
  4906 | D:6      | Found a bloodstained altar of Trog.
  5437 | D:6      | Reached XP level 9. HP: 58/70 MP: 8/8
  5489 | D:6      | Reached skill level 14 in Axes
  5582 | D:6      | Reached **** piety under Trog
  5607 | D:7      | Found a white marble altar of Elyvilon.
  5657 | D:7      | Found a staircase to the Ecumenical Temple.
  5867 | D:7      | Reached skill level 15 in Axes
  6282 | D:7      | Found a radiant altar of Vehumet.
  7141 | D:8      | Found Rowihink's Book Boutique.
  7174 | D:8      | Reached ***** piety under Trog
  7345 | D:8      | Reached skill level 16 in Axes
  7565 | D:8      | Found a blossoming altar of Fedhas.
  8077 | D:9      | Reached XP level 10. HP: 77/77 MP: 9/9
  8272 | D:9      | Found an opulent altar of Gozag.
  8341 | D:9      | Noticed Psyche
  8353 | D:9      | Killed Psyche
  8738 | D:9      | Reached skill level 17 in Axes
  9169 | D:10     | Entered Level 10 of the Dungeon
  9405 | D:10     | Found a deep blue altar of Sif Muna.
  9419 | D:10     | Found a staircase to the Lair.
  9460 | D:10     | Reached skill level 18 in Axes
  9825 | D:10     | Noticed a hill giant
  9839 | D:10     | Killed a hill giant
  9839 | D:10     | Received a gift from Trog
 10058 | D:10     | Reached XP level 11. HP: 75/82 MP: 10/10
 10450 | Lair:1   | Entered Level 1 of the Lair of Beasts
 10915 | Lair:1   | Reached skill level 19 in Axes
 12464 | Lair:2   | Reached skill level 1 in Evocations
 12541 | Lair:2   | Reached skill level 1 in Throwing
 12560 | Lair:2   | Noticed an eight-headed hydra
 12593 | Lair:2   | Killed an eight-headed hydra
 12793 | Lair:2   | Reached skill level 5 in Fighting
 13004 | Lair:2   | Noticed an oklob plant
 13289 | Lair:2   | Killed an oklob plant
 13773 | Lair:3   | Reached skill level 5 in Armour
 14009 | Lair:3   | Reached XP level 12. HP: 59/97 MP: 13/13
 14247 | Lair:3   | Noticed a catoblepas
 14256 | Lair:3   | Killed a catoblepas
 15313 | Lair:4   | Received a gift from Trog
 15616 | Lair:4   | Gained mutation: You are robust (+10% HP). [potion of beneficial mutation]
 15617 | Lair:4   | Gained mutation: Your muscles are strong. (Str +2) [potion of beneficial mutation]
 16591 | Lair:6   | Found a staircase to the Shoals.
 16604 | Lair:6   | Reached skill level 20 in Axes
 16720 | Lair:5   | Noticed a death yak
 16721 | Lair:5   | Noticed a death yak
 16861 | Lair:4   | Killed a death yak
 16861 | Lair:4   | Reached skill level 5 in Throwing
 16870 | Lair:5   | Noticed a death yak
 16872 | Lair:5   | Noticed a death yak
 16873 | Lair:5   | Killed a death yak
 16877 | Lair:5   | Killed a death yak
 16883 | Lair:5   | Killed a death yak
 17088 | Lair:6   | Noticed a five-headed hydra
 17105 | Lair:6   | Killed a five-headed hydra
 17105 | Lair:6   | Reached XP level 13. HP: 92/122 MP: 4/15
 17587 | Lair:6   | Found a hole to the Spider Nest.
 17943 | Lair:7   | Received a gift from Trog
 17969 | Lair:7   | Reached skill level 10 in Fighting
 17969 | Lair:7   | Reached skill level 5 in Evocations
 18261 | Lair:7   | Received a gift from Trog
 18267 | Lair:7   | Reached skill level 10 in Armour
 18474 | Lair:7   | HP: 6/125 [poisoned by a swamp dragon (poison gas)]
 18479 | Lair:7   | HP: 5/125 [poisoned by a swamp dragon (poison gas)]
 18576 | Lair:6   | Received a gift from Trog
 19742 | Lair:8   | Entered Level 8 of the Lair of Beasts
 19983 | Lair:8   | Received a gift from Trog
 20131 | Lair:8   | Reached XP level 14. HP: 109/136 MP: 5/17
 20218 | Lair:8   | Received a gift from Trog
 21036 | Lair:8   | Found a burning altar of Makhleb.
 21085 | Lair:8   | Received a gift from Trog
 21325 | Lair:8   | Found a gateway to Hell.
 21715 | Lair:6   | Received a gift from Trog
 22472 | D:11     | Found a portal to a secret trove of treasure.
 22714 | D:12     | Found a staircase to the Orcish Mines.
 22924 | D:12     | Noticed Shasbat's ghost (journeyman MfGl)
 22939 | D:12     | Killed Shasbat's ghost
 24087 | D:13     | Found a gate to the Vaults.
 24138 | D:13     | Received a gift from Trog
 24148 | D:13     | Reached skill level 21 in Axes
 24148 | D:13     | Reached XP level 15. HP: 110/149 MP: 6/19
 24256 | D:13     | Noticed Nessos
 24260 | D:13     | Killed Nessos
 24287 | D:13     | Got a pair of twisted boots
 24298 | D:13     | Identified the +1 pair of boots of the Undertaker {rElec rF+ rC+++ Str-5} (You found it on level 13 of the Dungeon)
 24599 | D:13     | Noticed Josephine
 24608 | D:13     | Killed Josephine
 25143 | D:14     | Noticed Azrael
 25146 | D:14     | Killed Azrael
 25408 | D:14     | Found Castreg's Book Shoppe.
 25626 | D:15     | Entered Level 15 of the Dungeon
 25769 | D:15     | Found a labyrinth entrance.
 25784 | Lab      | Entered a labyrinth
 26323 | D:15     | Found a runed door.
 26348 | D:15     | Found a runed door.
 26369 | D:15     | Found a runed door.
 26404 | D:15     | Found a runed door.
 26607 | D:15     | Found a staircase to the Depths.
 27060 | Orc:1    | Entered Level 1 of the Orcish Mines
 27070 | Orc:1    | Reached ****** piety under Trog
 27078 | Orc:1    | Received a gift from Trog
 27262 | Orc:2    | Entered Level 2 of the Orcish Mines
 27416 | Orc:2    | Found a staircase to the Elven Halls.
 27578 | Orc:2    | Noticed an orc warlord
 27967 | Orc:2    | Killed an orc warlord
 28166 | Orc:2    | Received a gift from Trog
 28396 | Orc:2    | Cast into level 2 of the Abyss (orc warrior)
 28396 | Abyss:2  | Found a corrupted altar of Lugonu.
 28403 | Orc:2    | Escaped the Abyss
 28517 | Orc:2    | Received a gift from Trog
 28607 | Orc:2    | Reached XP level 16. HP: 157/161 MP: 7/21
 28761 | Orc:2    | Found Mubuvien's Antique Armour Emporium.
 28762 | Orc:2    | Found Burearyeri's Antique Weapon Shoppe.
 28764 | Orc:2    | Found Xuomn's General Store.
 28764 | Orc:2    | Found Kocrykach's Jewellery Emporium.
 29191 | Orc:1    | Received a gift from Trog
 29266 | Orc:1    | Noticed Harold
 29278 | Orc:1    | Killed Harold
 29384 | Orc:2    | Bought the cursed +0 chain mail "Hiagh" {rPois Regen+ Dex+4 Stlth+} for 286 gold pieces
 29628 | Spider:1 | Entered Level 1 of the Spider Nest
 29640 | Spider:1 | Received a gift from Trog
 29721 | Spider:1 | Noticed Asterion
 29734 | Spider:1 | Killed Asterion
 29870 | Spider:1 | Received a gift from Trog
 30106 | Spider:1 | Received a gift from Trog
 30133 | Spider:1 | Reached skill level 15 in Fighting
 30296 | Spider:1 | Reached skill level 10 in Throwing
 31031 | Spider:2 | Noticed Wiglaf
 31057 | Spider:2 | Killed Wiglaf
 32070 | Spider:2 | Received a gift from Trog
 32427 | Spider:3 | Reached skill level 22 in Axes
 32452 | Spider:3 | Received a gift from Trog
 32462 | Spider:3 | Reached skill level 15 in Armour
 32684 | Spider:3 | Noticed Arachne
 32713 | Spider:2 | Killed Arachne
 32798 | Spider:3 | Blown up by an orb spider

Skill      XL: |  1  2  3  4  5  6  7  8  9 10 11 12 13 14 15 16 |
---------------+-------------------------------------------------+-----
Axes           | 4 5 6 7 8 9 12 13 16 18 19 20 21 22 | 22.0
Fighting       | 6 9 11 13 14 15 | 15.5
Evocations     | 2 4 5 7 8 9 |  9.6
Throwing       | 3 5 6 7 9 10 | 10.5
Armour         | 5 9 11 13 14 15 | 15.1
Dodging        | |  2.1

Action                   |  1- 3 |  4- 6 |  7- 9 | 10-12 | 13-15 | 16-18 || total
-------------------------+-------+-------+-------+-------+-------+-------++-------
Melee: Hand axe          |    63 |   135 |   256 |       |       |       ||   454
       Headbutt          |    11 |    19 |   116 |   157 |   369 |   128 ||   800
       War axe           |       |       |   235 |   294 |       |       ||   529
       Battleaxe         |       |       |       |   381 |   781 |       ||  1162
       Whip              |       |       |       |    19 |    21 |       ||    40
       Executioner's axe |       |       |       |       |   448 |   377 ||   825
Invok: Trog's Hand       |       |     3 |     6 |    13 |    11 |     6 ||    39
       Berserk           |       |     1 |     1 |     3 |     1 |     2 ||     8
       Burn Spellbooks   |       |       |     1 |     2 |     1 |       ||     4
       Brothers in Arms  |       |       |       |       |     1 |     3 ||     4
  Use: Scroll            |       |     6 |     3 |    12 |    13 |       ||    34
       Potion            |       |       |     1 |     4 |     2 |     2 ||     9
 Stab: Sleeping          |     1 |       |       |       |       |       ||     1
       Distracted        |       |       |       |       |       |     1 ||     1
  Eat: Chunk             |     5 |    14 |    17 |    25 |    42 |    11 ||   114
       Beef jerky        |       |       |       |     1 |       |       ||     1
       Pizza             |       |       |       |     1 |       |       ||     1
       Fruit             |       |       |       |       |     1 |     1 ||     2
       Meat ration       |       |       |       |       |       |     1 ||     1
Armor: Chain mail        |    31 |    72 |   204 |    97 |       |   413 ||   817
       Animal skin       |     1 |       |       |       |       |       ||     1
       Plate armour      |       |       |       |   184 |   851 |    27 ||  1062
Dodge: Dodged            |    25 |    50 |   138 |   181 |   439 |   282 ||  1115
Block: Other             |       |       |     6 |    33 |       |       ||    39
